 Dungeon Crawl Stone Soup version 0.17-a0-1910-g4c791fa (webtiles) character file.

242 Banto the Chucker (level 6, 0/67 HPs)
             Began as an Ogre Hunter on Sept 26, 2015.
             Slain by an ice beast (6 damage)
             ... on level 3 of the Dungeon.
             The game lasted 00:07:29 (3679 turns).

Banto the Chucker (Ogre Hunter)                     Turns: 3679, Time: 00:07:29

Health: 0/67       AC:  3    Str: 18    XL:     6   Next: 9%
Magic:  6/6        EV: 10    Int: 10    God:
Gold:   108        SH:  0    Dex: 12    Spells: 0 memorised, 5 levels left

rFire  x . .     SeeInvis .     p - +0 morningstar
rCold  + . .     Clarity  .     d - +0 robe
rNeg   . . .     SustAt   +     (no shield)
rPois  .         Gourm    .     (helmet restricted)
rElec  .         Spirit   .     (no cloak)
rCorr  .         Warding  .     (gloves unavailable)
rMut   .         Stasis   .     (boots unavailable)
MR     .....                    (no amulet)
Stlth  +.........               n - ring of ice
                                i - ring of sustain attributes

@: not resistant to hostile enchantments, very unstealthy
A: unfitting armour, tough skin 1
a: no special abilities


You were on level 3 of the Dungeon.
You were not hungry.

You visited 1 branch of the dungeon, and saw 3 of its levels.

You collected 108 gold pieces.

Inventory:

Hand weapons
 k - a +0 whip
 m - a +0 dagger of venom
 p - a +0 morningstar (weapon)
Missiles
 b - a throwing net (quivered)
Armour
 d - a +0 robe (worn)
Jewellery
 i - a ring of sustain attributes (left hand)
 n - a ring of ice (right hand)
Scrolls
 c - a scroll of identify
 j - 2 scrolls of teleportation
Potions
 f - a potion of heal wounds
 g - a potion of degeneration {unknown}
 h - 4 potions of agility
 o - a potion of resistance {unknown}
 q - a potion of brilliance {unknown}
Comestibles
 e - 3 bread rations
 l - a beef jerky
 r - a chunk of flesh


   Skills:
 + Level 6.1 Fighting
 + Level 6.3 Throwing
 - Level 1.7 Dodging
 - Level 0.7 Stealth


You had 5 spell levels left.
You didn't know any spells.

Dungeon Overview and Level Annotations

Branches:
Dungeon (3/15)

Altars:
Cheibriados
Gozag
Okawaru


Innate Abilities, Weirdness & Mutations

You are too large for most types of armour.
You have tough skin (AC +1).


Message History

You hit the ice beast but do no damage.
The ice beast is almost dead.
The ice beast struggles against the net.
You hit the ice beast but do no damage.
The ice beast is almost dead.
The ice beast struggles against the net. x2
You barely miss the ice beast.
The ice beast is almost dead.
The ice beast struggles against the net.
The net rips apart, and the ice beast comes free!
You barely miss the ice beast.
The ice beast is almost dead.
The ice beast hits you but does no damage.
The ice beast barely misses you.
You closely miss the ice beast.
The ice beast is almost dead.
The ice beast hits you.
* * * LOW HITPOINT WARNING * * *
The ice beast freezes you. You resist.
You die...

#(# #.# #.# # #(#
# #.# ### # #.#
#.###### #Y#
#.......
#@#########.#####.
#...............+.
###########.#####.
#.# #. #.# ## #.#
#.# ####.######
#.....<....


You could see an ice beast.

Vanquished Creatures
  An orc priest (D:3)
  An orc wizard (D:3)
  3 adders
  4 gnolls
  5 oozes (D:1)
  3 worms
  2 giant geckos
  5 orcs
  8 giant cockroaches
  6 goblins
  9 hobgoblins
  5 jackals (D:1)
  11 kobolds
  3 quokkas
  6 bats
  A giant newt (D:1)
  13 rats
86 creatures vanquished.

Notes
Turn   | Place    | Note
--------------------------------------------------------------
     0 | D:1      | Banto the Ogre Hunter began the quest for the Orb.
     0 | D:1      | Reached XP level 1. HP: 22/22 MP: 1/1
     1 | D:1      | Found a runed door.
   346 | D:1      | Reached XP level 2. HP: 22/31 MP: 2/2
   512 | D:1      | Reached XP level 3. HP: 26/39 MP: 3/3
  1000 | D:1      | Reached skill level 5 in Throwing
  1036 | D:1      | Reached XP level 4. HP: 30/49 MP: 4/4
  1374 | D:2      | Found a snail-covered altar of Cheibriados.
  1384 | D:2      | Found a faded altar to an unknown god.
  1816 | D:2      | Found an iron altar of Okawaru.
  1963 | D:1      | Reached skill level 5 in Fighting
  2218 | D:2      | Reached XP level 5. HP: 52/57 MP: 5/5
  2650 | D:2      | Found an opulent altar of Gozag.
  3223 | D:3      | Reached skill level 6 in Throwing
  3236 | D:3      | Reached XP level 6. HP: 10/67 MP: 6/6
  3641 | D:3      | Noticed an ice beast
  3679 | D:3      | Slain by an ice beast

Vault maps used:
D:1:      dpeg_arrival_caged_fury
D:2:      okawaru_altar_gauntlet_db, grunt_gozag_statues, old_standard_altar,
          ecumenical_altar_2, nrook_mini_backslash
D:3:      first_bread

Action                   |  1- 3 |  4- 6 || total
-------------------------+-------+-------++-------
Melee: Short sword       |    52 |       ||    52
       Dagger            |    66 |   198 ||   264
       Morningstar       |       |    14 ||    14
Throw: Large rock        |     5 |    10 ||    15
       Throwing net      |       |     1 ||     1
  Use: Scroll            |     1 |     6 ||     7
       Potion            |       |     1 ||     1
 Stab: Sleeping          |     1 |     3 ||     4
       Held in net/web   |       |     1 ||     1
  Eat: Chunk             |       |     9 ||     9
